 Seeded DCSS version 0.30.0-17-ge0270778cf (webtiles) character file.

Game seed: 430271968238373911 (custom seed)

513 Twinkles the Shooter (level 7, -2/60 HPs)
             Began as a Minotaur Hunter on May 22, 2023.
             Was an Initiate of Fedhas.
             Killed from afar by Dowan (19 damage)
             ... with a shard of ice
             ... on level 4 of the Dungeon.
             The game lasted 00:09:53 (3207 turns).

Twinkles the Shooter (Minotaur Hunter)              Turns: 3207, Time: 00:09:53

Health: -2/60      AC:  8    Str: 16    XL:     7   Next: 0%
Magic:  6/6        EV: 13    Int:  6    God:    Fedhas [......]
Gold:   191        SH:  0    Dex: 15    Spells: 6/6 levels left

rFire   . . .        a - +0 shortbow
rCold   . . .        (shield currently unavailable)
rNeg    . . .        c - +0 leather armour
rPois   .            (helmet restricted)
rElec   .            (no cloak)
rCorr   .            l - +0 pair of gloves
SInv    .            (no boots)
Will    .....        t - amulet of the acrobat
Stlth   +            p - +4 ring of protection
HPRegen 0.30/turn    (no ring)
MPRegen 0.10/turn

%: acrobat
@: no status effects
A: horns 2, retaliatory headbutt
a: Renounce Religion


You were on level 4 of the Dungeon.
You worshipped Fedhas.
Fedhas was noncommittal.
You visited 2 branches of the dungeon, and saw 5 of its levels.

You collected 191 gold pieces.

Inventory:

Hand Weapons
 a - a +0 shortbow (weapon)
Armour
 c - a +0 leather armour (worn)
 l - a +0 pair of gloves (worn)
Jewellery
 e - a ring of magical power
 p - a +4 ring of protection (left hand)
 r - an amulet of magic regeneration
 t - an amulet of the acrobat (around neck)
 v - a ring of protection from cold
 w - a ring of flight
 x - a ring of wizardry
Scrolls
 b - 2 scrolls of teleportation {unknown}
 f - a scroll of noise {unknown}
 g - a scroll of fear {unknown}
 h - a scroll of blinking {unknown}
 j - a scroll of silence {unknown}
 m - 3 scrolls of identify {unknown}
 o - a scroll of poison {unknown}
 q - a scroll of fog {unknown}
 s - a scroll of vulnerability {unknown}
 K - a scroll of immolation
Potions
 d - a potion of might {unknown}
 k - 2 potions of invisibility {unknown}
 n - 2 potions of mutation {unknown}
 u - a potion of degeneration {unknown}
 z - a potion of cancellation {unknown}


   Skills:
 + Level 4.9 Fighting
 * Level 7.2 Ranged Weapons
 + Level 4.3 Dodging
 - Level 0.7 Stealth
 + Level 1.0 Invocations


You had 6 spell levels left.
You didn't know any spells.
Your spell library contained the following spells:

 Spells                   Type           Power      Damage    Failure   Level
 Apportation              Tloc           0%         N/A       52%         1
 Necrotise                Necr           0%         1d4       52%         1
 Summon Small Mammal      Summ           0%         N/A       52%         1
 Lesser Beckoning         Tloc           0%         N/A       67%         2
 Gell's Gravitas          Tloc           0%         N/A       88%         3
 Teleport Other           Tloc           0%         N/A       88%         3
 Iskenderun's Battlesphe  Conj           0%         2d6       100%        5
 Iron Shot                Conj/Erth      0%         9d1       100%        6
 Spellforged Servitor     Conj/Summ      0%         N/A       100%        7


Dungeon Overview and Level Annotations

Branches:
Dungeon (4/15) Zot: 20855  Temple (1/1) D:4 Zot: 5866

Altars:
Ashenzari
Cheibriados
Elyvilon
Fedhas
Gozag
Kikubaaqudgha
Nemelex Xobeh
Okawaru
Qazlal
Uskayaw
Wu Jian
Xom
Yredelemnul
Zin

Shops:
D:2 *=*   D:3 (

Annotations:
D:4 Dowan


Innate Abilities, Weirdness & Mutations

You have a pair of horns on your head.
You reflexively headbutt those who attack you in melee.


Message History

You shoot an arrow. The arrow hits Duvessa!
You kill Duvessa!
Fedhas appreciates your contribution to the ecosystem.
Dowan screams, "No!
No!"
Dowan seems to find hidden reserves of power!
Dowan hits you but does no damage.
You are poisoned.
Your Ranged Weapons skill increases to level 7!
Your Invocations skill increases to level 1!
You have reached level 7!
Okay, then.
Unknown command.
You shoot an arrow. The arrow barely misses Dowan.
You feel very sick. Dowan hits you but does no damage.
You are more poisoned.
You shoot an arrow. The arrow barely misses Dowan.
* * * LOW HITPOINT WARNING * * *
You feel very sick.
Dowan points at you and mumbles some strange words.
The stone arrow hits you!
* * * LOW HITPOINT WARNING * * *
Dowan hits you but does no damage.
You are more poisoned.
It was a potion of curing.
You feel better.
J - a potion of curing Dowan hits you with a +2 dagger of venom.
* * * LOW HITPOINT WARNING * * *
Dowan breathes, "And she was my only..."
Dowan hits you but does no damage.
You are poisoned.
You feel better.
Dowan says, "How can I live without her?"
Dowan barely misses you.
You shoot an arrow. The arrow hits Dowan.
Dowan is lightly wounded.
Dowan gestures at you while chanting. The shard of ice hits you!!
You die...
Fedhas appreciates your contribution to the ecosystem.

.###......>..######.#
##.....
..##..###.......†.#.#
#.....
#....###..#########.#
#....< ##.......## #.#
##.... .....##### #....
.##..# #.... .....# #
#.#..
_.##.##############.##...
#.##.
................@e.......
#..#[
.####..#.......####.##...
##.#. ######...####### #
#... .#......## ###.
.#.####.# #. .<.####.# ##
......#.# #####...# ###


You could see Dowan (fast).

Vanquished Creatures
  A water moccasin (D:3)
  Duvessa (D:4)
  3 jellies (D:4)
  An iguana (D:4)
  8 adders
  A worm (D:2)
  3 dart slugs
  6 orcs (D:3)
  5 ball pythons
  7 bats
  16 endoplasms
  6 giant cockroaches
  8 goblins
  8 hobgoblins
  6 jackals
  4 quokkas
  5 frilled lizards
  9 kobolds
  7 rats
105 creatures vanquished.

Notes
Turn   | Place    | Note
-------+----------+-------------------------------------------
     0 | D:1      | Twinkles the Minotaur Hunter began the quest for the Orb.
     0 | D:1      | Reached XP level 1. HP: 18/18 MP: 0/0
   191 | D:1      | Reached XP level 2. HP: 25/25 MP: 1/1
   997 | D:2      | Found Wampup's Assorted Antiques.
  1016 | D:2      | Reached skill level 5 in Ranged Weapons
  1029 | D:2      | Reached XP level 3. HP: 30/30 MP: 2/2
  1046 | D:2      | Found a faded altar of an unknown god.
  1096 | D:2      | Found Jucah's Jewellery Shop.
  1224 | D:2      | Found Legoud's Assorted Antiques.
  1301 | D:2      | Reached XP level 4. HP: 38/38 MP: 3/3
  1694 | D:3      | Noticed a water moccasin
  1869 | D:3      | Killed a water moccasin
  1869 | D:3      | HP: 13/39 [poisoned by a water moccasin]
  1870 | D:3      | Reached skill level 6 in Ranged Weapons
  1870 | D:3      | Reached XP level 5. HP: 15/46 MP: 4/4
  2525 | D:3      | Found Woat's Antique Weapon Emporium.
  2580 | D:3      | Reached XP level 6. HP: 52/52 MP: 5/5
  2902 | D:4      | Found a staircase to the Ecumenical Temple.
  2909 | Temple   | Entered the Ecumenical Temple
  3026 | Temple   | Became a worshipper of Fedhas Madash
  3119 | D:4      | Found a snail-covered altar of Cheibriados.
  3184 | D:4      | Noticed Duvessa
  3184 | D:4      | Noticed Dowan
  3202 | D:4      | Killed Duvessa
  3203 | D:4      | Reached skill level 7 in Ranged Weapons
  3203 | D:4      | Reached skill level 1 in Invocations
  3203 | D:4      | Reached XP level 7. HP: 23/60 MP: 6/6
  3203 | D:4      | HP: 19/60 [poisoned by Dowan]
  3204 | D:4      | HP: 3/60 [Dowan/stone arrow (11)]
  3207 | D:4      | Killed from afar by Dowan

Illustrated notes

Levels and vault maps discovered:
D:1:      shiori_arrival_oz, layout_basic, minmay_pentomino_p2
D:2:      layout_basic, basic_ecumenical_altar, serial_shops,
          nicolae_diamond_shop, nicolae_diamond_shop, nicolae_shop_behind_doors
D:3:      wad_river_or_something, layout_loops_ring, serial_shops, shop,
          minmay_quadrilaterals
D:4:      layout_rooms, cheibriados_altar_1, overflow_temple_1_default,
          minmay_temple_entry_gardened_gates, uniq_duvessa
Temple:   dshaligram_water_room_temple

Skill      XL: |  1  2  3  4  5  6 |
---------------+-------------------+-----
Ranged Weapons | 5 6 7 |  7.2
Fighting       | 3 4 |  4.9
Dodging        | 3 4 |  4.3
Invocations    | 1 |  1.0
Stealth        | |  0.7

Action                     |  1- 3 |  4- 6 |  7- 9 || total
---------------------------+-------+-------+-------++-------
   Fire: Shortbow          |    85 |   195 |     3 ||   283
    Use: Potion            |       |       |     2 ||     2
 Armour: Leather armour    |     7 |    25 |     3 ||    35
  Dodge: Dodged            |    21 |    55 |     1 ||    77
